 Dungeon Crawl Stone Soup version 0.24.0-13-gcf9b3192b9 (webtiles) character file.

Game seed: 2438340929466374553, levelgen mode: deterministic

33 DarthUnicorn the Charmwright (level 3, -2/36 HPs)
             Began as an Ogre Skald on Nov 7, 2019.
             Slain by an adder (5 damage)
             ... on level 2 of the Dungeon.
             The game lasted 00:04:27 (754 turns).

DarthUnicorn the Charmwright (Ogre Skald)            Turns: 754, Time: 00:04:28

Health: -2/36      AC:  3    Str: 16    XL:     3   Next: 29%
Magic:  0/6        EV: 10    Int: 14    God:
Gold:   77         SH:  0    Dex:  8    Spells: 2/7 levels left

rFire    . . .     SeeInvis .   k - +0 flail
rCold    . . .     Gourm    .   (no shield)
rNeg     . . .     Faith    .   b - +0 robe
rPois    .         Spirit   +   (helmet restricted)
rElec    .         Reflect  .   a - scarf {Spirit}
rCorr    .         Harm     .   (gloves unavailable)
MR       .....                  (boots unavailable)
Stlth    +.........             (no amulet)
HPRegen  0.12/turn              (no ring)
MPRegen  0.10/turn              (no ring)

@: lethally poisoned (-2 -> -7), lightly drained
A: large, unfitting armour, tough skin 1
a: no special abilities


You were on level 2 of the Dungeon.
You were not hungry.

You visited 1 branch of the dungeon, and saw 2 of its levels.

You collected 77 gold pieces.

Inventory:

Hand Weapons
 k - a +0 flail (weapon)
Armour
 a - a scarf of spirit shield (worn)
 b - a +0 robe (worn)
Scrolls
 h - 2 scrolls of fog {unknown}
Potions
 c - a potion of curing {unknown}
 e - a potion of agility {unknown}
 f - a potion of degeneration {unknown}
 i - a potion of magic {unknown}
 j - a potion of flight {unknown}
 l - a potion of might {unknown}
Comestibles
 d - 3 rations
 g - a chunk of flesh


   Skills:
 + Level 2.8(2.7) Fighting
 + Level 2.4(2.3) Maces & Flails
 + Level 2.4(2.3) Dodging
 + Level 2.6(2.5) Spellcasting
 + Level 3.0(2.9) Charms


You had 2 spell levels left.
You knew the following spells:

 Your Spells              Type           Power        Failure   Level  Hunger
a - Infusion              Chrm           #...         7%          1    #......
b - Song of Slaying       Chrm           #.......     11%         2    ###....
c - Shroud of Golubria    Chrm/Tloc      #.....       19%         2    ###....

Your spell library contained the following spells:

 Spells                   Type           Power        Failure   Level  Hunger
 Regeneration             Chrm/Necr      #.........   36%         3    ###....
 Spectral Weapon          Hex/Chrm       #.......     36%         3    ###....


Dungeon Overview and Level Annotations

Branches:
Dungeon (2/15)

Altars:


Innate Abilities, Weirdness & Mutations

You are too large for most types of armour.
You have tough skin. (AC +1)


Message History

You feel sick. The adder bites you but does no damage.
You hit the adder.
The adder is almost dead.
You are no longer magically infusing your attacks.
You feel sick. The adder closely misses you. The adder bites you.
You miss the adder.
The adder is almost dead.
You feel sick. The adder closely misses you.
You miss the adder.
The adder is almost dead.
You feel sick. The adder bites you.
* * * LOW HITPOINT WARNING * * *
The adder bites you.
* * * LOW HITPOINT WARNING * * *
Unknown command.
Unknown command.
You barely miss the adder.
The adder is almost dead.
The adder completely misses you. The adder bites you.
You die...

######.#########
................#
#######.#######.#
#######.# #.. #.....#.#
### ###...#.# ###
###...#.#.# ..$.
#.......#.# ..S..
##@..#..#.#########
.##...##S#................
........###.#..#######.###
..#...##.#..#..# #.# #..
#$#.#..# #.### ...
###.#..# #.... .#. #.#..#
##### .. ##.# . #.#


You could see an adder.

Vanquished Creatures
  A worm (D:2)
  2 dart slugs (D:1)
  A leopard gecko (D:1)
  A giant cockroach (D:1)
  2 goblins
  2 hobgoblins (D:1)
  3 jackals (D:1)
  4 bats
  A frilled lizard (D:2)
  5 kobolds
  A rat (D:1)
23 creatures vanquished.

Notes
Turn   | Place    | Note
-------+----------+-------------------------------------------
     0 | D:1      | DarthUnicorn the Ogre Skald began the quest for the Orb.
     0 | D:1      | Reached XP level 1. HP: 22/22 MP: 3/3
   145 | D:1      | Reached XP level 2. HP: 20/29 MP: 5/5
   254 | D:1      | Learned a level 2 spell: Song of Slaying
   257 | D:1      | Learned a level 2 spell: Shroud of Golubria
   260 | D:1      | Reached skill level 3 in Charms
   501 | D:1      | Reached XP level 3. HP: 26/36 MP: 1/6
   616 | D:2      | Found a faded altar of an unknown god.
   754 | D:2      | Slain by an adder

Levels and vault maps discovered:
D:1:      shiori_arrival_maze, layout_basic
D:2:      layout_loops_ring, chequers_ecumenical_altar_island, first_ration,
          kennysheep_nondescript

Skill      XL: |  1  2 |
---------------+-------+-----
Maces & Flails | 2 |  2.4
Charms         | 3 |  3.0
Fighting       | |  2.8
Dodging        | |  2.4
Spellcasting   | |  2.6

Action                   || total
-------------------------++-------
Melee: Mace              ||    61
       Flail             ||    26
 Cast: Infusion          ||     6
       Shroud of Golubri ||     1
Armor: Robe              ||    26
Dodge: Dodged            ||    46
